 Dungeon Crawl Stone Soup version 0.28.0 (webtiles) character file.

Game seed: 5033295125788122810

6 horus123 the Poker (level 1, -1/16 HPs)
             Began as a Merfolk Warper on Feb 11, 2022.
             Slain by a kobold (3 damage)
             ... on level 1 of the Dungeon.
             The game lasted 00:00:32 (89 turns).

horus123 the Poker (Merfolk Warper)                   Turns: 89, Time: 00:00:32

Health: -1/16      AC:  3    Str: 11    XL:     1   Next: 90%
Magic:  3/4        EV: 12    Int: 10    God:
Gold:   0          SH:  0    Dex: 17    Spells: 5/5 levels left

rFire   . . .      SeeInvis .   a - +0 spear
rCold   . . .      Faith    .   (no shield)
rNeg    . . .      Spirit   .   b - +0 leather armour
rPois   .          Reflect  .   (no helmet)
rElec   .          Harm     .   (no cloak)
rCorr   .          Rampage  .   (no gloves)
Will    .....                   (no boots)
Stlth   +.........              (no amulet)
HPRegen 0.05/turn               (no ring)
MPRegen 0.09/turn               (no ring)

@: no status effects
A: (nimble swimmer 2), mertail, agile 2, dopey 1
a: no special abilities


You were on level 1 of the Dungeon.
You visited 1 branch of the dungeon, and saw 1 of its levels.

Inventory:

Hand Weapons
 a - a +0 spear (weapon)
Missiles
 d - 5 boomerangs of dispersal (quivered)
Armour
 b - a +0 leather armour (worn)
Scrolls
 c - a scroll of blinking
Potions
 f - a potion of flight {unknown}


   Skills:
 - Level 2.1 Fighting
 - Level 3.0 Polearms
 - Level 1.0 Throwing
 - Level 0.6 Armour
 - Level 2.6 Dodging
 + Level 2.5 Spellcasting
 - Level 2.4 Translocations


You had 5 spell levels left.
You didn't know any spells.
Your spell library contained the following spells:

 Spells                   Type           Power      Damage    Failure   Level
 Blink                    Tloc           12%        N/A       22%         2
 Gell's Gravitas          Tloc           6%         N/A       41%         3
 Lesser Beckoning         Tloc           6%         N/A       41%         3
 Teleport Other           Tloc           6%         N/A       41%         3
 Manifold Assault         Tloc           6%         N/A       99%         5


Dungeon Overview and Level Annotations

Branches:
Dungeon (1/15)

Altars:


Innate Abilities, Weirdness & Mutations

((You are very nimble when in or above water. (Stealth+, EV+, Speed+++)))
Your lower body shifts to a powerful aquatic tail in water.
You are very agile. (Dex +4)
You are dopey. (Int -2)


Message History

Press: ? - help, Dir - move target, f - kobold
Aim: a kobold, wielding a +0 short sword (about 45% to evade your +0 spear)
You reach to attack!
You closely miss the kobold.
Reach: a) +0 spear
Press: ? - help, Dir - move target, f/p - kobold
Aim: a kobold, wielding a +0 short sword (about 45% to evade your +0 spear)
The ball python is in the way.
You hit the ball python.
The ball python is severely wounded.
The ball python bites you. The ball python grabs you.
The ball python constricts you.
The ball python bites you but does no damage.
The ball python constricts you.
Reach: a) +0 spear
Press: ? - help, Dir - move target, f/p - kobold
Aim: a kobold, wielding a +0 short sword (about 45% to evade your +0 spear)
The ball python is in the way.
You barely miss the ball python.
The ball python is severely wounded.
The ball python barely misses you. The ball python constricts you.
* * * LOW HITPOINT WARNING * * *
You barely miss the ball python.
The ball python is severely wounded.
The ball python barely misses you. The ball python constricts you.
You hit the ball python but do no damage.
The ball python is severely wounded.
The ball python barely misses you. The ball python constricts you.
* * * LOW HITPOINT WARNING * * *
You barely miss the ball python.
The ball python is severely wounded.
The ball python barely misses you. The ball python constricts you.
* * * LOW HITPOINT WARNING * * *
You hit the ball python.
You kill the ball python!
You hit the kobold but do no damage. You hit the kobold.
The kobold is heavily wounded.
The kobold hits you but does no damage. x2
It was a potion of mutation.
You feel extremely strange.
You feel stupid.
You feel agile. x2
The kobold hits you with a +0 short sword.
You die...

##. #.# .....# ..##
####.##.....# ##
#.#####.#..##.....# .
#...........#...(.#
####.####.##.#.#.....#
#..........###††.....##
#.##....#..............
...)...........>.###.##
#.#####.##.....K@# #.#
.##...###K## #.##
##.... #..# ...# .....
#..## #### #### #.|.#
#...# #..... ......#
...#...#


You could see 2 kobolds.

Vanquished Creatures
  A hobgoblin (D:1)
  A quokka (D:1)
  2 ball pythons (D:1)
  A kobold (D:1)
  A rat (D:1)
6 creatures vanquished.

Notes
Turn   | Place    | Note
-------+----------+-------------------------------------------
     0 | D:1      | horus123 the Merfolk Warper began the quest for the Orb.
     0 | D:1      | Reached XP level 1. HP: 16/16 MP: 3/3
    89 | D:1      | Gained mutation: You are dopey. (Int -2) [potion of
                  | mutation]
    89 | D:1      | Gained mutation: You are agile. (Dex +2) [potion of
                  | mutation]
    89 | D:1      | Gained mutation: You are very agile. (Dex +4) [potion of
                  | mutation]
    89 | D:1      | Slain by a kobold

Illustrated notes

Levels and vault maps discovered:
D:1:      lightli_arrival_statue_moat, layout_basic,
          dreamdust_ecumenical_altar_drowned_temple, serial_park_tiny_pond,
          amcnicky_mini_corridor_feature

Action                   || total
-------------------------++-------
Melee: Spear             ||    24
       Punch             ||     1
  Use: Potion            ||     1
Armor: Leather armour    ||     7
Dodge: Dodged            ||    12
